 Dungeon Crawl Stone Soup version 0.29-a0-866-g0545e20025 (webtiles) character file.

Game seed: 11508901000414057593

158 Glafi the Grave Robber (level 5, 0/28 HPs)
             Began as a Deep Elf Necromancer on July 17, 2022.
             Killed from afar by an orc wizard (11 damage)
             ... with a puff of flame
             ... on level 2 of the Dungeon.
             The game lasted 00:18:51 (2343 turns).

Glafi the Grave Robber (Deep Elf Necromancer)       Turns: 2343, Time: 00:18:52

Health: 0/28       AC:  2    Str:  5    XL:     5   Next: 16%
Magic:  8/14       EV: 13    Int: 22    God:
Gold:   82         SH:  0    Dex: 15    Spells: 7/14 levels left

rFire   . . .      SeeInvis .   d - +0 dagger
rCold   . . .      Faith    .   (no shield)
rNeg    . . .      Spirit   .   a - +0 robe
rPois   .          Reflect  .   (no helmet)
rElec   .          Harm     .   (no cloak)
rCorr   .          Rampage  .   (no gloves)
Will    .....                   (no boots)
Stlth   ++........              (no amulet)
HPRegen 0.09/turn               (no ring)
MPRegen 0.14/turn               (no ring)

@: no status effects
A: no striking features
a: no special abilities


You were on level 2 of the Dungeon.
You visited 1 branch of the dungeon, and saw 2 of its levels.

You collected 82 gold pieces.

Inventory:

Hand Weapons
 d - a +0 dagger (weapon)
Missiles
 g - 6 boomerangs
Armour
 a - a +0 robe (worn)
Jewellery
 o - a +4 ring of protection
Scrolls
 c - a scroll of teleportation {unknown}
 e - 2 scrolls of magic mapping {unknown}
 f - 2 scrolls of identify {unknown}
 i - a scroll of enchant armour {unknown}
 j - a scroll of silence {unknown}
 k - a scroll of enchant weapon {unknown}
 m - a scroll of poison {unknown}
 n - a scroll of fog {unknown}
Potions
 b - a potion of magic
 h - a potion of degeneration {unknown}
 l - a potion of curing
 p - a potion of brilliance {unknown}


   Skills:
 + Level 2.7 Dodging
 + Level 3.0 Stealth
 * Level 5.4 Spellcasting
 * Level 2.1 Hexes
 + Level 5.7 Necromancy


You had 7 spell levels left.
You knew the following spells:

 Your Spells              Type           Power      Damage    Failure   Level
a - Necrotise             Necr           100%       1d9       1%          1
b - Tukima's Dance        Hex            15%        N/A       12%         3
c - Vampiric Draining     Necr           31%        2d8       2%          3

Your spell library contained the following spells:

 Spells                   Type           Power      Damage    Failure   Level
 Animate Dead             Necr           31%        N/A       9%          4
 Agony                    Necr           31%        N/A       26%         5
 Passage of Golubria      Tloc           6%         N/A       67%         4
 Summon Mana Viper        Hex/Summ       10%        N/A       86%         5
 Yara's Violent Unravell  Hex/Tmut       5%         3d4       86%         5
 Summon Forest            Summ/Tloc      3%         N/A       95%         5
 Summon Cactus Giant      Summ           3%         N/A       100%        6


Dungeon Overview and Level Annotations

Branches:
Dungeon (2/15)

Altars:


Message History

You hear some strange, mumbled words.
A puff of flame appears from out of thin air!
The puff of flame hits you! The orc wizard barely misses you.
Casting: Necrotise (safe; 1% risk of failure)
Confirm with . or Enter, or press ? or * to list all spells.
Aiming: Vampiric Draining (dangerous; 2% risk of failure)
Press: ? - help, Shift-Dir - straight line, f/p - orc wizard
Aim: an orc wizard, wielding a +0 dagger and wearing a +0 robe (heavily wounded)
You draw life force from the orc wizard.
You feel life coursing into your body. The orc wizard barely misses you.
Casting: Vampiric Draining (dangerous; 2% risk of failure)
Confirm with . or Enter, or press ? or * to list all spells.
Aiming: Vampiric Draining (dangerous; 2% risk of failure)
Press: ? - help, Shift-Dir - straight line, f/p - orc wizard
Aim: an orc wizard, wielding a +0 dagger and wearing a +0 robe (almost dead)
You draw life force from the orc wizard!
You kill the orc wizard!
Something hits you but does no damage.
Your Hexes skill increases to level 2!
You have reached level 5!
You miss something. Something hits you but does no damage.
You hit something. Something hits you.
You hit something. Something hits you.
You closely miss something. Something hits you.
You hit something. Something hits you.
You hit something.
You hear some strange, mumbled words.
Something tries to affect you, but you resist.
You hit something but do no damage. Something completely misses you.
You barely miss something.
You hear some strange, mumbled words.
A puff of flame appears from out of thin air!
The puff of flame misses you.
You miss something. Something completely misses you.
You closely miss something. Something hits you but does no damage.
You hit something.
You hear some strange, mumbled words.
A puff of flame appears from out of thin air!
The puff of flame hits you!
You die...

.....# ####.#...# #.# ####.#
#.##.## #.# #.# #.##.#
#######.### #.########.##.#
..........# #..........##.#
#########..
##########.##.####........###.
### #.#........o......##. #.##
#####.#.{###).........o#.
.#.######.....#)@#
.......o.o#.
###.##...........# ........$#.
# ##.#.##†#####.## .......##.
###.##.##.# ##.# .....###.
.#.###.##.# ##..# ########..
#.####.##.###...## .........#
#...(..##.##..)..#####
#.####...#
#..#####.†...........# #.#
##.## #..# ####.###...####.#
#.# #.#


There were no monsters in sight!

Vanquished Creatures
  Natasha (twice) (D:2)
  An orc wizard (D:2)
  3 adders (D:2)
  A worm (D:2)
  2 dart slugs (D:1)
  2 orcs (D:2)
  2 ball pythons (D:2)
  2 bats (D:1)
  4 endoplasms
  3 giant cockroaches (D:1)
  8 hobgoblins
  A jackal (D:1)
  6 kobolds
  2 quokkas
  A frilled lizard (D:1)
  3 goblins (D:1)
  3 rats
46 creatures vanquished.

Vanquished Creatures (collateral kills)
  A frilled lizard (D:2)
  A rat (D:1)
2 creatures vanquished.

Grand Total: 48 creatures vanquished

Notes
Turn   | Place    | Note
-------+----------+-------------------------------------------
     0 | D:1      | Glafi the Deep Elf Necromancer began the quest for the Orb.
     0 | D:1      | Reached XP level 1. HP: 10/10 MP: 6/6
    69 | D:1      | Reached skill level 5 in Necromancy
   194 | D:1      | Reached XP level 2. HP: 15/15 MP: 4/8
   552 | D:1      | Found a faded altar of an unknown god.
   934 | D:1      | Reached XP level 3. HP: 19/19 MP: 6/10
   938 | D:1      | Learned a level 3 spell: Tukima's Dance
   942 | D:1      | Learned a level 3 spell: Vampiric Draining
  1576 | D:2      | Reached XP level 4. HP: 24/24 MP: 8/12
  1737 | D:2      | Noticed Natasha
  1747 | D:2      | Killed Natasha
  1748 | D:2      | Reached skill level 5 in Spellcasting
  2187 | D:2      | Noticed Natasha
  2194 | D:2      | Killed Natasha
  2195 | D:2      | Reached skill level 1 in Hexes
  2333 | D:2      | Reached XP level 5. HP: 18/28 MP: 6/14
  2343 | D:2      | Killed from afar by an orc wizard

Illustrated notes

Levels and vault maps discovered:
D:1:      dpeg_arrival_brainrot, layout_loops_cross,
          ebering_ecumenical_altar_webs, grunt_decor_arrowhead,
          ebering_dispersal_statue_hall, glass_columns_b, hangedman_decor_push
D:2:      cheibrodos_pilgrimage, layout_loops_ring, minmay_close_crescents,
          uniq_natasha

Skill      XL: |  1  2  3  4 |
---------------+-------------+-----
Necromancy     | 5 |  5.7
Spellcasting   | 4 5 |  5.4
Hexes          | 2 |  2.1
Stealth        | 3 |  3.0
Dodging        | |  2.7

Action                   |  1- 3 |  4- 6 || total
-------------------------+-------+-------++-------
Melee: Dagger            |    18 |    24 ||    42
 Cast: Necrotise         |    52 |    17 ||    69
       Vampiric Draining |     6 |     7 ||    13
 Stab: Sleeping          |     3 |     3 ||     6
Armor: Robe              |     6 |     4 ||    10
Dodge: Dodged            |    16 |    10 ||    26

Table legend: (Time is in decaauts)
 A = Elapsed time spent in this place.
 B = Non-inter-level travel time spent in this place.
 C = Inter-level travel time spent in this place.
 D = Time resting spent in this place.
 E = Time spent auto-exploring this place.
 F = Levels seen in this place.
 G = Mean time per level.
                   A        B        C        D        E       F      G
               +--------+--------+--------+--------+--------+-----+--------+
         Total |   2342 |   2309 |     33 |    425 |   1529 |   2 | 1171.0 |
       Dungeon |   2342 |   2309 |     33 |    425 |   1529 |   2 | 1171.0 |
               +--------+--------+--------+--------+--------+-----+--------+

Top non-repeatable levels by time:
     D:1: 1296 daAuts
     D:2: 1045 daAuts
